 Dungeon Crawl Stone Soup version 0.29.0-4-gdea44cf6ec (webtiles) character file.

Game seed: 12878618843142281432

954 qw the Grappler (level 8, -7/66 HPs)
             Began as a Ghoul Fire Elementalist on Aug 29, 2022.
             Mangled by an ogre
             ... wielding a +0 giant spiked club
              (23 damage)
             ... on level 5 of the Dungeon.
             The game lasted 00:05:25 (4958 turns).

qw the Grappler (Ghoul Fire Elementalist)           Turns: 4958, Time: 00:05:26

Health: -7/66      AC: 11    Str: 14    XL:     8   Next: 14%
Magic:  9/9        EV:  6    Int: 10    God:
Gold:   259        SH:  0    Dex:  9    Spells: 9/10 levels left

rFire   + . .      SeeInvis .     - Unarmed
rCold   + . .      Faith    .   (no shield)
rNeg    + + +      Spirit   .   h - +0 chain mail {rF+}
rPois   inf        Reflect  .   (no helmet)
rElec   .          Harm     .   (no cloak)
rCorr   .          Rampage  .   f - +2 pair of gloves
Will    .....                   (no boots)
Stlth   ..........              g - amulet of regeneration
HPRegen 0.00/turn               (no ring)
MPRegen 0.11/turn               (no ring)

@: about to teleport, inhibited regen
A: claws 1, cold resistance 1, negative energy resistance 3, inhibited
regeneration, torment resistance 2, devour on kill
a: no special abilities


You were on level 5 of the Dungeon.
You visited 1 branch of the dungeon, and saw 5 of its levels.
You also visited: Sewer.

You collected 259 gold pieces.


Innate Abilities, Weirdness & Mutations

You are immune to poison.
You have sharp fingernails.
Your flesh is cold resistant. (rC+)
You are immune to negative energy. (rN+++)
You do not regenerate when monsters are visible.
You are immune to unholy pain and torment.
You thrive by killing the living.


   Skills:
 - Level 4.1 Fighting
 - Level 1.1 Throwing
 + Level 1.5 Armour
 - Level 1.7 Dodging
 - Level 2.1 Stealth
 - Level 8.3 Unarmed Combat
 - Level 1.7 Spellcasting
 - Level 0.7 Conjurations
 - Level 2.4 Fire Magic


You had 9 spell levels left.
You knew the following spells:

 Your Spells              Type           Power      Damage    Failure   Level
a - Foxfire               Conj/Fire      16%        2x1d4     99%         1

Your spell library contained the following spells:

 Spells                   Type           Power      Damage    Failure   Level
 Scorch                   Fire           10%        2d5       99%         2
 Conjure Flame            Conj/Fire      4%         6-21      100%        3
 Inner Flame              Hex/Fire       3%         N/A       100%        3
 Flame Wave               Conj/Fire      4%         2d5       100%        4

Inventory:

Armour
 f - a +2 pair of gloves (worn)
 h - a +0 chain mail of fire resistance (worn)
Jewellery
 c - a ring of fire
 g - an amulet of regeneration (around neck)
 j - a ring of fire
Scrolls
 e - a scroll of identify
Potions
 b - a potion of haste
 i - a potion of brilliance {unknown}
 k - a potion of lignification {unknown}
 l - a potion of resistance {unknown}
 m - 2 potions of curing
 n - a potion of degeneration {unknown}

Dungeon Overview and Level Annotations

Branches:
Dungeon (5/15)              Sewer (visited)
 Temple: D:4-7

Altars:


Message History

Waypoint 2 re-assigned from D:3 to D:5.
Enter note:
Found a ring mail.
Enter note:
Enter note: You open the door.
There is an open door here.
You open the door.
There is an open door here.
You open the door.
There is an open door here.
An ogre comes into view. It is wielding a +0 giant spiked club.
Enter note: Throw: javelin
Press: ? - help, Q - select action Shift-Dir - straight line, f - ogre You throw a javelin.
The javelin pierces through the ogre!
The ogre is moderately wounded.
You hit the ogre.
The ogre is heavily wounded.
The ogre barely misses you.
You barely miss the ogre.
The ogre is heavily wounded.
You barely miss the ogre.
The ogre is heavily wounded.
The ogre closely misses you.
You punch the ogre!
The ogre is almost dead.
You barely miss the ogre.
The ogre is almost dead.
The ogre hits you with a +0 giant spiked club!!
You hit the ogre.
The ogre is almost dead.
The ogre hits you with a +0 giant spiked club!!
4957 ||| READING scroll of teleportation.
As you read the scroll of teleportation, it crumbles to dust.
You feel strangely unstable.
You hit the ogre.
The ogre is almost dead.
The ogre hits you with a +0 giant spiked club!!
You die...

7~ P7 ~~#######
7.......## #.........
#......... #.........
#.@O.....( #+
#..##...#######
#...##.##..########...#
#...........#.....#...#
#...........#.....#...#
#...........#.....#...#
#...........#.....#...#
#...........#.....#...#
#...........'.....'...#


You could see an ogre.

Vanquished Creatures
  Edmund (D:4)
  A water moccasin (Sewer)
  A sky beast (D:4)
  A centaur (D:4)
  A scorpion (D:4)
  3 hounds (D:4)
  2 jellies
  Jessica (D:3)
  2 orc wizards (D:3)
  4 gnolls (D:2)
  A howler monkey skeleton (D:2)
  6 adders
  2 adder zombies (D:2)
  3 worms
  4 dart slugs
  18 orcs
  7 bats
  A bat skeleton (D:2)
  8 endoplasms
  4 giant cockroaches
  12 goblins
  15 hobgoblins
  4 jackals (D:2)
  7 kobolds
  8 quokkas
  8 ball pythons
  A ball python skeleton (D:2)
  A frilled lizard (D:2)
  A quokka skeleton (D:2)
  6 rats
134 creatures vanquished.

Vanquished Creatures (others)
  7 plants (D:4)
  2 withered plants (D:2)
9 creatures vanquished.

Grand Total: 143 creatures vanquished

Notes
Turn   | Place    | Note
-------+----------+-------------------------------------------
     0 | D:1      | qw the Ghoul Fire Elementalist began the quest for the Orb.
     0 | D:1      | Reached XP level 1. HP: 14/14 MP: 2/2
     0 | D:1      | 0 ||| qw: Version: 0.1-a-90-g952f4b7
     0 | D:1      | 0 ||| qw: Game counter: 4146
     0 | D:1      | 0 ||| qw: Always use a shield: true
     0 | D:1      | 0 ||| qw: God list: Okawaru
     0 | D:1      | 0 ||| qw: Allow faded altars: false
     0 | D:1      | 0 ||| qw: Do Orc after D:15 true
     0 | D:1      | 0 ||| qw: Do second Lair branch before Depths: true
     0 | D:1      | 0 ||| qw: Lair rune preference: random
     0 | D:1      | 0 ||| qw: Plans: Normal
     0 | D:1      | 0 ||| PLANNING D:1-11
   155 | D:1      | Reached skill level 1 in Unarmed Combat
   408 | D:1      | Found a faded altar of an unknown god.
   441 | D:1      | Reached XP level 2. HP: 13/22 MP: 3/3
   585 | D:1      | Reached skill level 1 in Fighting
   669 | D:1      | 669 ||| Stepping ~*~*~tactically~*~*~ (stealth).
   766 | D:1      | Reached skill level 2 in Unarmed Combat
  1018 | D:1      | 1018 ||| Stepping ~*~*~tactically~*~*~ (hiding).
  1120 | D:1      | 1120 ||| Stepping ~*~*~tactically~*~*~ (hiding).
  1132 | D:1      | Reached XP level 3. HP: 25/28 MP: 4/4
  1351 | D:1      | 1351 ||| Stepping ~*~*~tactically~*~*~ (outnumbered).
  1569 | D:1      | 1569 ||| UPGRADING to +0 leather armour.
  1579 | D:1      | 1579 ||| DROPPING +0 robe.
  1580 | D:1      | 1580 ||| UPGRADING to +2 pair of gloves.
  1585 | D:1      | 1585 ||| READING scroll labelled XET BISMIETA.
  1590 | D:1      | 1590 ||| READING scroll labelled PENIOFICYUN.
  1591 | D:1      | 1591 ||| READING scroll labelled SIEDIE INOZ.
  1692 | D:1      | 1692 ||| DRINKING 2 sedimented coppery potions.
  1693 | D:1      | 1693 ||| DROPPING potion of magic.
  1694 | D:1      | 1694 ||| DROPPING potion of flight.
  1712 | D:2      | 1712 ||| Stepping ~*~*~tactically~*~*~ (outnumbered).
  1713 | D:2      | 1713 ||| Stepping ~*~*~tactically~*~*~ (outnumbered).
  1715 | D:2      | 1715 ||| Stepping ~*~*~tactically~*~*~ (outnumbered).
  1717 | D:2      | 1717 ||| Stepping ~*~*~tactically~*~*~ (outnumbered).
  1720 | D:2      | 1720 ||| Stepping ~*~*~tactically~*~*~ (outnumbered).
  1738 | D:2      | Reached skill level 3 in Unarmed Combat
  1836 | D:2      | 1836 ||| Stepping ~*~*~tactically~*~*~ (stealth).
  1838 | D:2      | 1838 ||| Stepping ~*~*~tactically~*~*~ (stealth).
  1840 | D:2      | 1840 ||| Stepping ~*~*~tactically~*~*~ (stealth).
  1876 | D:2      | Reached XP level 4. HP: 34/35 MP: 5/5
  1922 | D:2      | 1922 ||| Stepping ~*~*~tactically~*~*~ (stealth).
  1924 | D:2      | 1924 ||| Stepping ~*~*~tactically~*~*~ (stealth).
  1925 | D:2      | 1925 ||| Stepping ~*~*~tactically~*~*~ (stealth).
  2001 | D:2      | Reached skill level 4 in Unarmed Combat
  2026 | D:2      | 2026 ||| Stepping ~*~*~tactically~*~*~ (stealth).
  2069 | D:2      | 2069 ||| Stepping ~*~*~tactically~*~*~ (outnumbered).
  2070 | D:2      | 2070 ||| Stepping ~*~*~tactically~*~*~ (outnumbered).
  2071 | D:2      | 2071 ||| Stepping ~*~*~tactically~*~*~ (outnumbered).
  2178 | D:2      | 2178 ||| FLEEEEING.
  2179 | D:2      | 2179 ||| FLEEEEING.
  2180 | D:2      | 2180 ||| FLEEEEING.
  2181 | D:2      | 2181 ||| FLEEEEING.
  2182 | D:2      | 2182 ||| FLEEEEING.
  2183 | D:2      | 2183 ||| FLEEEEING.
  2184 | D:2      | 2184 ||| FLEEEEING.
  2185 | D:2      | 2185 ||| FLEEEEING.
  2186 | D:2      | 2186 ||| FLEEEEING.
  2187 | D:2      | 2187 ||| FLEEEEING.
  2188 | D:2      | 2188 ||| STAIRDANCE
  2313 | D:1      | 2313 ||| UPGRADING to amulet of regeneration.
  2318 | D:1      | 2318 ||| READING 3 scrolls labelled DICUT EHUTZOI.
  2319 | D:1      | 2319 ||| READING scroll labelled HEJAMEW TAEME.
  2320 | D:1      | 2320 ||| READING 2 scrolls of identify.
  2320 | D:1      | 2320 ||| IDENTIFYING lumpy orange potion
  2327 | D:2      | 2327 ||| Stepping ~*~*~tactically~*~*~ (stealth).
  2328 | D:2      | 2328 ||| Stepping ~*~*~tactically~*~*~ (stealth).
  2330 | D:2      | 2330 ||| Stepping ~*~*~tactically~*~*~ (stealth).
  2359 | D:2      | 2359 ||| Stepping ~*~*~tactically~*~*~ (stealth).
  2360 | D:2      | 2360 ||| Stepping ~*~*~tactically~*~*~ (stealth).
  2367 | D:2      | Reached XP level 5. HP: 41/41 MP: 6/6
  2505 | D:2      | 2505 ||| Stepping ~*~*~tactically~*~*~ (stealth).
  2576 | D:2      | 2576 ||| UPGRADING to +0 chain mail.
  2586 | D:2      | 2586 ||| DROPPING +0 leather armour.
  2587 | D:2      | 2587 ||| UPGRADING to +0 chain mail of fire resistance.
  2597 | D:2      | 2597 ||| DROPPING +0 chain mail.
  2686 | D:3      | 2686 ||| Stepping ~*~*~tactically~*~*~ (hiding).
  2691 | D:3      | Noticed Jessica
  2692 | D:3      | 2692 ||| Stepping ~*~*~tactically~*~*~ (outnumbered).
  2696 | D:3      | 2696 ||| Stepping ~*~*~tactically~*~*~ (outnumbered).
  2718 | D:3      | 2718 ||| DRINKING potion of curing.
  2718 | D:3      | 2718 ||| (to cure confusion)
  2721 | D:3      | Reached skill level 1 in Armour
  2749 | D:3      | Reached skill level 5 in Unarmed Combat
  2757 | D:3      | Killed Jessica
  2758 | D:3      | Reached XP level 6. HP: 26/48 MP: 7/7
  2824 | D:3      | Reached skill level 1 in Throwing
  2999 | D:3      | 2999 ||| Stepping ~*~*~tactically~*~*~ (stealth).
  3000 | D:3      | 3000 ||| Stepping ~*~*~tactically~*~*~ (stealth).
  3166 | D:3      | 3166 ||| Stepping ~*~*~tactically~*~*~ (outnumbered).
  3172 | D:3      | 3172 ||| Stepping ~*~*~tactically~*~*~ (stealth).
  3173 | D:3      | 3173 ||| Stepping ~*~*~tactically~*~*~ (stealth).
  3526 | D:3      | 3526 ||| READING scroll labelled FEDDUSM ZASOA.
  3527 | D:3      | 3527 ||| READING 2 scrolls of identify.
  3527 | D:3      | 3527 ||| IDENTIFYING glowing inky potion
  3540 | D:4      | 3540 ||| PLANNING SEWER
  3562 | D:4      | Reached skill level 6 in Unarmed Combat
  3641 | D:4      | 3641 ||| Stepping ~*~*~tactically~*~*~ (hiding).
  3660 | D:4      | Reached skill level 3 in Fighting
  3660 | D:4      | Reached XP level 7. HP: 54/57 MP: 8/8
  3665 | D:4      | 3665 ||| Stepping ~*~*~tactically~*~*~ (stealth).
  3923 | D:4      | Found a glowing drain.
  3924 | D:4      | 3924 ||| READING scroll labelled USAIFU TUCKUT.
  3925 | D:4      | 3925 ||| READING 2 scrolls of identify.
  3925 | D:4      | 3925 ||| IDENTIFYING green potion
  3926 | D:4      | 3926 ||| DROPPING potion of attraction.
  3929 | D:4      | 3929 ||| Stepping ~*~*~tactically~*~*~ (stealth).
  3957 | Sewer    | Entered a sewer
  4016 | Sewer    | Reached skill level 7 in Unarmed Combat
  4131 | Sewer    | 4131 ||| READING scroll labelled KUXZAOPRYTZ.
  4140 | D:4      | 4140 ||| PLANNING D:1-11
  4379 | D:4      | Noticed Edmund
  4395 | D:4      | 4395 ||| Stepping ~*~*~tactically~*~*~ (stealth).
  4408 | D:4      | HP: 10/57 [Edmund/+2 flail of protection (7)]
  4409 | D:4      | 4409 ||| DRINKING potion of heal wounds.
  4417 | D:4      | Killed Edmund
  4418 | D:4      | Reached skill level 8 in Unarmed Combat
  4432 | D:4      | Reached XP level 8. HP: 47/66 MP: 9/9
  4478 | D:4      | 4478 ||| Stepping ~*~*~tactically~*~*~ (stealth).
  4479 | D:4      | 4479 ||| Stepping ~*~*~tactically~*~*~ (stealth).
  4492 | D:4      | 4492 ||| Stepping ~*~*~tactically~*~*~ (outnumbered).
  4494 | D:4      | 4494 ||| Stepping ~*~*~tactically~*~*~ (outnumbered).
  4495 | D:4      | 4495 ||| Stepping ~*~*~tactically~*~*~ (outnumbered).
  4496 | D:4      | 4496 ||| Stepping ~*~*~tactically~*~*~ (outnumbered).
  4497 | D:4      | 4497 ||| Stepping ~*~*~tactically~*~*~ (outnumbered).
  4533 | D:4      | 4533 ||| Stepping ~*~*~tactically~*~*~ (stealth).
  4537 | D:4      | 4537 ||| Stepping ~*~*~tactically~*~*~ (stealth).
  4538 | D:4      | 4538 ||| Stepping ~*~*~tactically~*~*~ (stealth).
  4545 | D:4      | 4545 ||| Stepping ~*~*~tactically~*~*~ (stealth).
  4546 | D:4      | 4546 ||| Stepping ~*~*~tactically~*~*~ (stealth).
  4901 | D:5      | Entered Level 5 of the Dungeon
  4956 | D:5      | HP: 16/66 [ogre/+0 giant spiked club (24)]
  4957 | D:5      | 4957 ||| READING scroll of teleportation.
  4958 | D:5      | Mangled by an ogre

Levels and vault maps discovered:
D:1:      minmay_arrival_hallway, layout_basic,
          hellmonk_ecumenical_altar_run_dry
D:2:      layout_rooms, serial_undead, serial_undead_d, serial_undead_b,
          serial_undead_b, serial_undead_d
D:3:      layout_loops_ring, grunt_ministairs_6, uniq_jessica,
          uniq_crazy_yiuf_cottage
D:4:      corexii_shack_village, layout_cave_pods, cheibrodos_sewer_entry_bend,
          ebering_dispersal_statue_hall, uniq_edmund
D:5:      layout_gridville, serial_bayou_lake_a

Skill      XL: |  1  2  3  4  5  6  7  8 |
---------------+-------------------------+-----
Unarmed Combat | 1 2 3 4 5 6 8 |  8.3
Fighting       | 1 2 3 4 |  4.1
Armour         | 1 |  1.5
Throwing       | 1 |  1.1
Dodging        | |  1.7
Stealth        | |  2.1
Spellcasting   | |  1.7
Conjurations   | |  0.7
Fire Magic     | |  2.4

Action                   |  1- 3 |  4- 6 |  7- 9 || total
-------------------------+-------+-------+-------++-------
Melee: Unarmed           |   178 |   257 |   208 ||   643
       Punch             |     5 |     5 |     3 ||    13
Throw: Javelin           |       |    26 |    21 ||    47
  Use: Scroll            |     3 |     5 |     4 ||    12
       Potion            |     1 |     1 |     1 ||     3
Armor: Robe              |    11 |       |       ||    11
       Leather armour    |    45 |    50 |       ||    95
       Chain mail        |       |    74 |   119 ||   193
Dodge: Dodged            |   117 |    85 |    52 ||   254

Table legend:
 A = Non-vault XP
 B = Vault XP
 C = Vault XP percentage of total XP
 D = Non-vault monster count
 E = Vault monster count
 F = Vault count percentage of total count
                 A         B        C        D         E       F
            +---------+---------+-------+---------+---------+-------
      Total |     927 |     436 |  32.0 |     105 |      29 |  21.6
            +---------+---------+-------+---------+---------+-------
        D:1 |      49 |       0 |   0.0 |      27 |       0 |   0.0
        D:2 |     135 |      30 |  18.2 |      26 |       6 |  18.8
        D:3 |     177 |      41 |  18.8 |      25 |       3 |  10.7
        D:4 |     566 |     210 |  27.1 |      27 |      16 |  37.2
      Sewer |       0 |     155 | 100.0 |       0 |       4 | 100.0
            +---------+---------+-------+---------+---------+-------
